 Dungeon Crawl Stone Soup version 0.22-a0-352-gc608dd7 (webtiles) character file.

11 Amnesiac the Magician (level 2, -3/21 HPs)
             Began as a Mummy Earth Elementalist on Apr 14, 2018.
             Slain by a kobold
             ... wielding a +0 dagger
              (4 damage)
             ... on level 3 of the Dungeon.
             The game lasted 00:00:49 (235 turns).

Amnesiac the Magician (Mummy Earth Elementalist)     Turns: 235, Time: 00:00:49

Health: -3/21      AC:  2    Str: 11    XL:     2   Next: 17%
Magic:  2/5        EV: 12    Int: 14    God:
Gold:   11         SH:  0    Dex: 12    Spells: 3/6 levels left

rFire    x . .     SeeInvis .   (no weapon)
rCold    + . .     Gourm    .   (no shield)
rNeg     + + +     Faith    .   c - +0 robe
rPois    ∞         Spirit   .   (no helmet)
rElec    .         Reflect  .   (no cloak)
rCorr    .         Harm     .   (no gloves)
MR       .....                  (no boots)
Stlth    ++........             (no amulet)
HPRegen  0.07/turn              (no ring)
MPRegen  0.09/turn              (no ring)

@: no status effects
A: no food or potions, fire vulnerability, cold resistance 1, negative energy
resistance 3, torment resistance, unbreathing
a: no special abilities


You were on level 3 of the Dungeon.
You were not hungry.

You visited 1 branch of the dungeon, and saw 3 of its levels.

You collected 11 gold pieces.

Inventory:

Missiles
 b - 16 stones (quivered)
Armour
 a - a +0 pair of boots
 c - a +0 robe (worn)


   Skills:
 * Level 1.4 Fighting
 - Level 1.5 Dodging
 - Level 1.5 Stealth
 - Level 2.6 Spellcasting
 - Level 0.7 Transmutations
 + Level 2.6 Earth Magic


You had 3 spell levels left.
You knew the following spells:

 Your Spells              Type           Power        Failure   Level  Hunger
a - Sandblast             Erth           #.....       8%          1    N/A
b - Passwall              Tmut/Erth      #.........   17%         2    N/A

Dungeon Overview and Level Annotations

Branches:
Dungeon (3/15)

Altars:


Innate Abilities, Weirdness & Mutations

You do not eat or drink.
Your flesh is vulnerable to fire.
You are immune to poison.
Your flesh is cold resistant. (rC+)
You are immune to negative energy. (rN+++)
You are immune to unholy pain and torment.
You can survive without breathing.


Message History

Casting: Sandblast (safe; 8% risk of failure)
Confirm with . or Enter, or press ? or * to list all spells.
Aiming: Sandblast (safe; 8% risk of failure)
Press: ? - help, Shift-Dir - straight line, f - bat
Aim: a bat The blast of sand misses the bat.
b - 18 stones The bat misses you.
Unknown command.
Casting: Sandblast (safe; 8% risk of failure)
Confirm with . or Enter, or press ? or * to list all spells.
Aiming: Sandblast (safe; 8% risk of failure)
Press: ? - help, Shift-Dir - straight line, f/p - bat
Aim: a bat The blast of sand hits the bat.
The bat is severely wounded.
b - 17 stones The bat hits you.
The bat hits you. The ball python bites you. The ball python grabs you.
You stop ascending the stairs.
The ball python constricts you.
You escape the ball python's grasp.
The bat closely misses you.
Casting: Sandblast (safe; 8% risk of failure)
Confirm with . or Enter, or press ? or * to list all spells.
Aiming: Sandblast (safe; 8% risk of failure)
Press: ? - help, Shift-Dir - straight line, f/p - bat
Aim: a bat (moderately wounded)
The blast of sand misses the ball python.
The blast of sand hits the bat.
You kill the bat!
b - 16 stones The ball python bites you.
The ball python grabs you. The ball python constricts you.
The ball python bites you but does no damage.
The ball python constricts you.
You escape the ball python's grasp.
A quokka comes into view.
A goblin and a kobold come into view.
Found a stone staircase leading up.
The quokka barely misses you. The quokka bites you.
The ball python bites you but does no damage.
The ball python grabs you. The ball python constricts you.
You escape the ball python's grasp.
The kobold shouts!
The quokka bites you.
* * * LOW HITPOINT WARNING * * *
An orc and an orc wizard come into view.
The orc wizard shouts!
You hear a shout!
You hear an angry hiss.
You hear a shout!
You hear a bark!
You hear a shout!
An orc comes into view. It is wielding a dagger.
You hear a shout!
You aren't carrying any scrolls.
Unknown command. 2 orcs come into view.
The orc wizard points at you and mumbles some strange words.
The magic dart hits you!
* * * LOW HITPOINT WARNING * * *
The quokka bites you.
* * * LOW HITPOINT WARNING * * *
The kobold hits you with a dagger.
* * * LOW HITPOINT WARNING * * *
The quokka closely misses you. The ball python closely misses you.
The ball python barely misses you. The kobold hits you with a dagger.
You die...

#......##
###....... #####
..##......#.
#...#...##........
#...#...##(.......
........# #K<)o..
#.......# #o##.#.
#.<.....# #.# ..
####@......####.#
.
#....K..........#
#...SgoK....#####
#...or......#
#...........#
#..o..#######
...o....#
....o#### .....


You could see an orc wizard, 4 orcs, a quokka, a goblin, a ball python and 2
kobolds.

Vanquished Creatures
  A leopard gecko (D:1)
  3 bats
  3 goblins
  A kobold (D:2)
  A frilled lizard (D:1)
  A rat (D:1)
10 creatures vanquished.

Notes
Turn   | Place    | Note
-------+----------+-------------------------------------------
     0 | D:1      | Amnesiac the Mummy Earth Elementalist began the quest for the Orb.
     0 | D:1      | Reached XP level 1. HP: 13/13 MP: 4/4
   143 | D:2      | Reached skill level 1 in Fighting
   179 | D:2      | Reached XP level 2. HP: 21/21 MP: 2/5
   183 | D:2      | Learned a level 2 spell: Passwall
   233 | D:3      | HP: 1/21 [kobold/dagger (1)]
   235 | D:3      | Slain by a kobold

Vault maps used:
D:1:      grunt_arrival_crossed_arrows, serial_bayou_pond_d
D:2:      st_stairs_4
D:3:      cheibriados_altar_1, lemuel_blue_sif_altar, uniq_ijyb

Skill      XL: |  1 |
---------------+----+-----
Fighting       | 1 |  1.4
Dodging        | |  1.5
Stealth        | |  1.5
Spellcasting   | |  2.6
Transmutations | |  0.7
Earth Magic    | |  2.6

Action                   || total
-------------------------++-------
 Cast: Sandblast         ||    14
Armor: Robe              ||     2
Dodge: Dodged            ||    10

Table legend:
 A = Spawn XP
 B = Non-spawn XP
 C = Spawn XP percentage of total XP
 D = Spawn monster count
 E = Non-spawn monster count
 F = Spawn count percentage of total count
 G = Total turns spent on level
                    A         B        C        D         E        F      G
               +---------+---------+-------+---------+---------+-------+---------
         Total |       0 |      17 |   0.0 |       0 |      10 |   0.0 |   235
               +---------+---------+-------+---------+---------+-------+---------
           D:1 |       0 |       7 |   0.0 |       0 |       4 |   0.0 |   140
           D:2 |       0 |       6 |   0.0 |       0 |       3 |   0.0 |    73
           D:3 |       0 |       4 |   0.0 |       0 |       3 |   0.0 |    22
               +---------+---------+-------+---------+---------+-------+---------
